 Dungeon Crawl Stone Soup version 0.31.0-11-ge490571c62 (webtiles) character file.

Game seed: 18092521373561200894

114 qw the Shooter (level 4, -7/23 HPs)
             Began as a Spriggan Hunter on Feb 3, 2024.
             Was an Initiate of Okawaru.
             Mangled by an ogre
             ... wielding a +0 giant spiked club
              (28 damage)
             ... on level 3 of the Dungeon.
             The game lasted 00:00:06 (1848 turns).

qw the Shooter (Spriggan Hunter)                    Turns: 1848, Time: 00:00:07

Health: -7/23      AC:  2    Str:  7    XL:     4   Next: 66%
Magic:  5/5        EV: 20    Int: 10    God:    Okawaru [......]
Gold:   39         SH:  0    Dex: 20    Spells: 3/3 levels left

rFire   . . .        a - +0 shortbow
rCold   . . .        (shield currently unavailable)
rNeg    . . .        c - +0 robe
rPois   .            (helmet restricted)
rElec   .            (no cloak)
rCorr   .            (gloves unavailable)
SInv    +            (boots unavailable)
Will    .....        g - amulet of the acrobat
Stlth   ++           (no ring)
HPRegen 0.23/turn    (no ring)
MPRegen 0.09/turn

%: acrobat
@: very quick
A: very small, no large weapons, unfitting armour, see invisible, speed 3
a: Renounce Religion


You were on level 3 of the Dungeon.
You worshipped Okawaru.
Okawaru was noncommittal.
You visited 1 branch of the dungeon, and saw 3 of its levels.

You collected 39 gold pieces.


Innate Abilities, Weirdness & Mutations

You are very small and have problems with some larger weapons.
You are too small for most types of armour.
You have supernaturally acute eyesight. (SInv)
You cover ground extremely quickly. (Speed+++)


   Skills:
 + Level 1.9 Fighting
 - Level 5.0 Ranged Weapons
 - Level 5.0 Dodging
 - Level 1.5 Stealth


You had 3 spell levels left.
You didn't know any spells.
Your spell library was empty.

Inventory:

Hand Weapons
 a - a +0 shortbow (weapon)
Armour
 c - a +0 robe (worn)
Jewellery
 g - an amulet of the acrobat (around neck)
Potions
 d - a potion of curing {unknown}
 e - a potion of heal wounds {unknown}
 h - a potion of enlightenment {unknown}

Dungeon Overview and Level Annotations

Branches:
Dungeon (3/15)

Altars:
Okawaru


Message History

The kobold shouts!
You shoot an arrow. The arrow hits the kobold!
You kill the kobold!
Okawaru accepts your kill.
Things that are here:
a +0 dagger; a kobold corpse A hobgoblin comes into view.
You shoot an arrow. The arrow barely misses the hobgoblin.
You hear a shout!
An orc comes into view. It is wielding a +0 hand axe.
You shoot an arrow. The arrow hits the orc.
The orc is moderately wounded.
You shoot an arrow. The arrow hits the orc!
You kill the orc!
Okawaru accepts your kill.
You shoot an arrow.
The arrow hits the hobgoblin but does no damage.
You hear a shout!
An ogre comes into view. It is wielding a +0 giant spiked club.
You shoot an arrow.
The arrow hits the hobgoblin but does no damage.
The hobgoblin hits you.
You shoot an arrow. The arrow hits the hobgoblin!
You kill the hobgoblin!
Okawaru accepts your kill.
1843 ||| FLEEEEING.
You start resting.
An ogre is nearby!
You shoot an arrow. The arrow hits the ogre!
The ogre is moderately wounded.
The ogre completely misses you.
You shoot an arrow. The arrow hits the ogre!
The ogre is severely wounded.
The ogre misses you.
You shoot an arrow. The arrow hits the ogre.
The ogre is severely wounded.
You shoot an arrow. The arrow barely misses the ogre.
The ogre hits you with a +0 giant spiked club!!
Ouch! That really hurt!
You die...

................
..............
##..###....##..#
#######.###...
#..#######....># #.#
#... .......# #.#..#
#.# #### ..###### ###
#.# #.# #.. ### #.#
#..# #..##.# #.# ##..#
#)[O.# #.# #.#
#..#.#@## #.# #### #
..##..# #.# #.####
######.### #.# #.#..#
#.##...## #.# ###.#..#
#.####..# #.#
#...#..### #.# ##)##
#.# ###.###....#
#.#####..# #.#
.....#####.###........#
#.#
.................######
#.#


You could see an ogre.

Vanquished Creatures
  A gnoll (D:2)
  3 adders
  3 dart slugs
  A ribbon worm (D:2)
  2 orcs (D:3)
  8 ball pythons
  6 endoplasms
  5 giant cockroaches
  4 goblins
  6 hobgoblins
  5 quokkas
  7 bats
  2 frilled lizards
  3 kobolds
  6 rats
62 creatures vanquished.

Notes
Turn   | Place    | Note
-------+----------+-------------------------------------------
     0 | D:1      | qw the Spriggan Hunter began the quest for the Orb.
     0 | D:1      | Reached XP level 1. HP: 10/10 MP: 2/2
     0 | D:1      | 0 ||| qw: Version: 0.3-a-157-g843a77d
     0 | D:1      | 0 ||| qw: Game counter: 4000
     0 | D:1      | 0 ||| qw: Melee chars always use a shield: true
     0 | D:1      | 0 ||| qw: God list: Okawaru
     0 | D:1      | 0 ||| qw: Allow faded altars: false
     0 | D:1      | 0 ||| qw: Do Orc after clearing Dungeon:15 true
     0 | D:1      | 0 ||| qw: Do second Lair branch before Depths: true
     0 | D:1      | 0 ||| qw: Lair rune preference: random
     0 | D:1      | 0 ||| qw: Goals: Normal
     0 | D:1      | 0 ||| PLANNING D:1-11
    59 | D:1      | Reached skill level 3 in Dodging
   115 | D:1      | Reached XP level 2. HP: 14/14 MP: 3/3
   615 | D:1      | Reached XP level 3. HP: 18/18 MP: 4/4
   780 | D:1      | 780 ||| DROPPING scarf of harm.
   781 | D:1      | 781 ||| READING scroll labelled QOTHAO UXZUEST.
   781 | D:1      | 781 ||| IDENTIFYING red potion
   782 | D:1      | 782 ||| READING scroll labelled SIDYT VIOCZE.
   783 | D:1      | 783 ||| DROPPING scroll of butterflies.
   784 | D:1      | 784 ||| DROPPING potion of degeneration.
  1334 | D:2      | Reached XP level 4. HP: 22/22 MP: 5/5
  1426 | D:2      | 1426 ||| READING scroll labelled FYUNTUU LINOINN.
  1712 | D:3      | Found an iron altar of Okawaru.
  1713 | D:3      | 1713 ||| PLANNING OKAWARU WORSHIP
  1713 | D:3      | 1713 ||| UPGRADING to amulet of the acrobat.
  1718 | D:3      | 1718 ||| READING scroll labelled TOOGIS UFEBO.
  1719 | D:3      | 1719 ||| DRINKING 2 lumpy cyan potions.
  1720 | D:3      | 1720 ||| DRINKING 2 coppery potions.
  1721 | D:3      | 1721 ||| DROPPING potion of brilliance.
  1722 | D:3      | 1722 ||| DROPPING potion of attraction.
  1730 | D:3      | Became a worshipper of Warmaster Okawaru
  1731 | D:3      | 1731 ||| PLANNING D:1-11
  1840 | D:3      | Noticed an ogre
  1843 | D:3      | 1843 ||| FLEEEEING.
  1848 | D:3      | Mangled by an ogre

Levels and vault maps discovered:
D:1:      roderic_crossed_star, layout_basic
D:2:      layout_loops_cross, reono_crystal_passage, st_stairs_7, minivault_23,
          minmay_misc_feat_ornament
D:3:      layout_rooms, general_overflow_altar, marbit_many_paths,
          old_standard_altar

Skill      XL: |  1  2  3  4 |
---------------+-------------+-----
Dodging        | 3 4 5 |  5.0
Ranged Weapons | 5 |  5.0
Fighting       | |  1.9
Stealth        | |  1.5

Action                     |  1- 3 |  4- 6 || total
---------------------------+-------+-------++-------
   Fire: Shortbow          |   113 |    61 ||   174
    Use: Scroll            |     2 |     2 ||     4
         Potion            |       |     2 ||     2
 Armour: Robe              |    10 |     4 ||    14
  Dodge: Dodged            |    31 |    37 ||    68

Table legend:
 A = Non-vault XP
 B = Vault XP
 C = Vault XP percentage of total XP
 D = Non-vault monster count
 E = Vault monster count
 F = Vault count percentage of total count
                 A         B        C        D         E       F
            +---------+---------+-------+---------+---------+-------
      Total |     146 |      17 |  10.4 |      60 |       2 |   3.2
            +---------+---------+-------+---------+---------+-------
        D:1 |      41 |       0 |   0.0 |      24 |       0 |   0.0
        D:2 |      44 |      17 |  27.9 |      15 |       2 |  11.8
        D:3 |      61 |       0 |   0.0 |      21 |       0 |   0.0
            +---------+---------+-------+---------+---------+-------
